Map: Acropolis LE

Players

GOLDuX

  • Race: Protoss Protoss
  • League: Master
  • Spawn Location: 5:00

MedoedHunter - Winner!

  • Race: Protoss Protoss
  • League: Master
  • Spawn Location: 11:00

VOD

Have the link to the VOD?

Description

Time

  • Played on: Oct. 31, 2019, 1:18 p.m.
  • Length: 5:04
Show
View Real Time Build Order
Export as new Build Order

GOLDuX Protoss 

Build Orders:  

Get SALT Encoding   

  12  0:01  Probe  
  13  0:13  Probe  
  14  0:20  Pylon  
  14  0:25  Probe  
  15  0:39  Probe (Chrono Boost)  
  15  0:41  Gateway  
  16  0:49  Assimilator, Probe (Chrono Boost)  
  17  0:55  Probe (Chrono Boost)  
  17  0:56  Assimilator  
  18  1:07  Probe (Chrono Boost)  
  18  1:11  Gateway  
  19  1:15  Probe (Chrono Boost)  
  20  1:21  Probe  
  21  1:28  Cybernetics Core  
  21  1:34  Probe  
  22  1:44  Pylon  
  22  1:46  Probe  
  23  2:02  Probe  
  23  2:07  Stalker  
  23  2:08  Sentry, Warp Gate  
  28  2:21  Pylon  
  28  2:32  Nexus  
  28  2:36  Pylon  
  27  2:54  Sentry, Robotics Facility  
  29  2:59  Sentry  
  29  3:04  Pylon  
  31  3:10  Probe  
  32  3:22  Probe  
  33  3:34  Probe  
  34  3:44  Probe  
  34  3:46  Probe  
  36  3:50  Shield Battery  
  36  3:54  Shield Battery  
  36  3:56  Probe  
  36  3:58  Probe  
  36  4:02  Stalker x2  
  42  4:08  Probe  
  43  4:10  Probe  
  43  4:12  Pylon  
  44  4:20  Probe  
  44  4:22  Probe  
  46  4:26  Stalker x2  
  51  4:32  Probe  
Show
View Real Time Build Order
Export as new Build Order

MedoedHunter Protoss - Winner!

Build Orders: Dark Templar Rush 

Get SALT Encoding   

  12  0:00  Probe  
  13  0:13  Probe  
  14  0:18  Pylon  
  14  0:25  Probe  
  15  0:37  Gateway, Probe (Chrono Boost)  
  16  0:47  Assimilator  
  16  0:48  Probe (Chrono Boost)  
  17  0:52  Probe (Chrono Boost)  
  17  0:55  Assimilator  
  18  1:03  Probe (Chrono Boost)  
  19  1:09  Gateway  
  19  1:15  Probe (Chrono Boost)  
  20  1:21  Probe (Chrono Boost)  
  21  1:26  Cybernetics Core  
  21  1:30  Probe  
  22  1:40  Pylon  
  22  1:42  Probe  
  23  1:53  Pylon  
  23  1:58  Probe  
  24  2:02  Stalker  
  24  2:03  Sentry  
  24  2:05  Warp Gate  
  28  2:14  Shield Battery  
  28  2:22  Twilight Council  
  28  2:38  Robotics Facility  
  28  2:41  Gateway  
  28  2:54  Shield Battery  
  28  3:09  Dark Shrine  
  28  3:23  Pylon  
  28  3:24  Warp Prism (Chrono Boost)  
  28  3:31  Pylon  
  30  3:51  Nexus  
  30  3:59  Probe  
  31  4:24  Dark Templar x3  
Tags
 
Add a new tag
Caveats
  • Supply blocks, unpowered buildings, or Contaminate may cause inaccurate times.
  • Supply counts are checked every 10 seconds.